 Dungeon Crawl Stone Soup version 0.20.1-1-g8b1a95d (webtiles) character file.

65 Irenicus the Chopper (level 3, 0/33 HPs)
             Began as a Deep Dwarf Berserker on Nov 1, 2017.
             Was a Believer of Trog.
             Slain by an adder (3 damage)
             ... on level 2 of the Dungeon.
             The game lasted 00:03:56 (1033 turns).

Irenicus the Chopper (Deep Dwarf Berserker)         Turns: 1033, Time: 00:03:56

Health: 0/33       AC:  3    Str: 20    XL:     3   Next: 94%
Magic:  3/3        EV: 12    Int:  7    God:    Trog [**....]
Gold:   78         SH:  0    Dex: 15    Spells: 2/2 levels left

rFire    . . .     SeeInvis .   a - +0 hand axe
rCold    . . .     Gourm    .   (no shield)
rNeg     . . .     Faith    .   o - +0 leather armour
rPois    .         Spirit   .   (no helmet)
rElec    .         Reflect  .   (no cloak)
rCorr    .         Harm     .   (no gloves)
MR       .....                  (no boots)
Stlth    +.........             (no amulet)
Regen    0.0/turn               k - +2 ring of dexterity
MPRegen  0.1/turn               (no ring)

@: non-regenerating
A: damage resistance, heal wounds, sense surroundings 1, no regeneration
a: Heal Wounds, Berserk, Trog's Hand, Burn Spellbooks, Renounce Religion


You were on level 2 of the Dungeon.
You worshipped Trog.
Trog was pleased with you.
You were not hungry.

You visited 1 branch of the dungeon, and saw 2 of its levels.

You collected 78 gold pieces.

Inventory:

Hand Weapons
 a - a +0 hand axe (weapon)
Armour
 b - a +0 animal skin
 o - a +0 leather armour (worn)
Jewellery
 e - an uncursed ring of ice
 k - a +2 ring of dexterity (left hand)
Scrolls
 f - a scroll of amnesia {unknown}
 h - 3 scrolls of magic mapping {unknown}
 l - a scroll of recharging {unknown}
 m - a scroll of teleportation {unknown}
 n - a scroll of identify {unknown}
Potions
 d - 4 potions of curing {unknown}
 g - a potion of lignification {unknown}
 i - 2 potions of mutation {unknown}
 j - a potion of heal wounds {unknown}
Comestibles
 c - a bread ration


   Skills:
 - Level 2.6 Fighting
 + Level 5.3 Axes
 - Level 2.1 Armour
 - Level 2.1 Dodging


You had 2 spell levels left.
You didn't know any spells.

Dungeon Overview and Level Annotations

Branches:
Dungeon (2/15)

Altars:
Nemelex Xobeh


Innate Abilities, Weirdness & Mutations

You are resistant to damage.
You can heal yourself by infusing magical energy.
You passively map a small area around you.
You do not regenerate.


Message History

You slash the adder!
The adder is almost dead.
The adder barely misses you. The adder bites you but does no damage.
You miss the adder.
The adder is almost dead.
The adder barely misses you.
You barely miss the adder.
The adder is almost dead.
The adder bites you but does no damage.
You closely miss the adder.
The adder is almost dead.
The adder closely misses you. The adder bites you.
* * * LOW HITPOINT WARNING * * *
You hit the adder but do no damage.
The adder is almost dead.
The adder misses you.
You miss the adder.
The adder is almost dead.
The adder bites you.
You die...

#...# #...# * * #...#
#.#.##....#
).########.#..#....###
.....................
,
..########.##......##
* * ### #.#*#....... ,
* ## ###.###....#* *,
* .# #....##....####.#
* .# #....'...@S....?.
, .# #....###.######.#
.# #....# #..# * , .#
#....# ##.#*** .#
#....# ..# ,, ##
###### *#.# , *.. , ,
* *#.. , , , , ..# ,


You could see an adder.

Vanquished Creatures
  An adder (D:2)
  2 dart slugs (D:1)
  A leopard gecko (D:1)
  7 bats
  5 giant cockroaches
  11 goblins
  6 hobgoblins
  6 frilled lizards
  5 kobolds
  3 rats
47 creatures vanquished.

Notes
Turn   | Place    | Note
-------+----------+-------------------------------------------
     0 | D:1      | Irenicus the Deep Dwarf Berserker began the quest for the Orb.
     0 | D:1      | Reached XP level 1. HP: 20/20 MP: 1/1
   132 | D:1      | Reached skill level 4 in Axes
   132 | D:1      | Reached XP level 2. HP: 25/27 MP: 2/2
   387 | D:1      | Reached ** piety under Trog
   387 | D:1      | Reached XP level 3. HP: 33/33 MP: 3/3
   785 | D:2      | Reached skill level 5 in Axes
   862 | D:2      | Found a sparkling altar of Nemelex Xobeh.
  1033 | D:2      | Slain by an adder

Skill      XL: |  1  2  3 |
---------------+----------+-----
Axes           | 4 5 |  5.3
Fighting       | |  2.6
Armour         | |  2.1
Dodging        | |  2.1

Action                   || total
-------------------------++-------
Melee: Hand axe          ||   140
Invok: Berserk           ||     5
 Stab: Sleeping          ||     1
  Eat: Chunk             ||     5
Armor: Animal skin       ||    33
       Leather armour    ||     4
Dodge: Dodged            ||   126
